 Dungeon Sprint DCSS version 0.18-a0-1677-g2bdad6c (webtiles) character file.

4599 pipel the Fencer (level 10, -41/94 HPs)
             Began as a Minotaur Gladiator on Apr 2, 2016.
             Was the Champion of Makhleb.
             Killed from afar by an ice dragon (45 damage)
             ... with a blast of cold
             ... in the Dungeon (Sprint VII: "The Pits").
             The game lasted 00:09:08 (633 turns).

pipel the Fencer (Minotaur Gladiator)                Turns: 633, Time: 00:09:08

Health: -41/94     AC: 18    Str: 26    XL:     10   Next: 19%
Magic:  16/16      EV: 12    Int: 10    God:    Makhleb [******]
Gold:   0          SH:  0    Dex: 11    Spells: 0 memorised, 9 levels left

rFire  . . .     SeeInvis .     C - +2 scimitar "Hioprus" {vamp, rC- Str+3 Int+5}
rCold  x . .     Gourm    .     G - +1 plate armour {rPois}
rNeg   . . .     Faith    .     (no shield)
rPois  +         Spirit   .     c - +0 hat
rElec  .         Dismiss  .     E - +0 cloak
rCorr  .         Reflect  .     D - +0 pair of gloves
SustAt .         Harm     .     (no boots)
MR     .....     NoTele   +     (no amulet)
Stlth  ..........               (no ring)
                                (no ring)

@: not resistant to hostile enchantments, extremely unstealthy
A: retaliatory headbutt, horns 2
a: Minor Destruction, Lesser Servant of Makhleb, Major Destruction, Greater
Servant of Makhleb, Renounce Religion


You were in the Dungeon.
You worshipped Makhleb.
Makhleb was exalted by your worship.
You were very hungry.

You visited 1 branch

Inventory:

Hand Weapons
 a - a +2 long sword of holy wrath
 u - a +0 long sword
 B - the +2 halberd of Qaonwoepn {chop, rN+ Str+8}
   (You found it in the Dungeon)

   It inflicts extra damage upon your enemies.
   It affects your strength (+8).
   It protects you from negative energy.
 C - the +2 scimitar "Hioprus" (weapon) {vamp, rC- Str+3 Int+5}
   (You found it in the Dungeon)

   It inflicts no extra harm, but heals its wielder somewhat when it strikes a
   living foe.
   It affects your strength (+3).
   It affects your intelligence (+5).
   It makes you vulnerable to cold.
Missiles
 d - 2 throwing nets (quivered)
 o - 10 stones
Armour
 b - a +0 leather armour
 c - a +0 hat (worn)
 t - a +3 chain mail
 D - a +0 pair of gloves (worn)
 E - a +0 cloak (worn)
 F - a +4 chain mail
 G - a +1 plate armour of poison resistance (worn)
Magical Staves
 p - an uncursed staff of energy
Jewellery
 y - a +3 ring of intelligence
 z - a +3 ring of intelligence
Scrolls
 k - a scroll of blinking
 q - 3 scrolls of remove curse
 r - 5 scrolls of amnesia
 s - a scroll of summoning
Potions
 e - 6 potions of curing
 g - 3 potions of heal wounds
 h - a potion of haste
 i - 4 potions of magic
 m - 4 potions of berserk rage
 n - 2 potions of invisibility
 v - 2 potions of resistance
 w - 2 potions of might
 x - a potion of agility
 A - 2 potions of brilliance
Comestibles
 f - 7 bread rations
 j - 40 fruits
 l - 7 meat rations


   Skills:
 + Level 10.9 Fighting
 + Level 15.4 Long Blades
 - Level 4.5 Throwing
 + Level 10.9 Armour
 + Level 13.1 Dodging
 * Level 9.8 Invocations


You had 9 spell levels left.
You didn't know any spells.

Dungeon Overview and Level Annotations

Branches:
Dungeon (1/1)

Altars:
Ashenzari
Cheibriados
Dithmenos
Elyvilon
Fedhas
Kikubaaqudgha
Makhleb
Nemelex Xobeh
Okawaru
Pakellas
Ru
Sif Muna
Trog
Vehumet
Xom
Yredelemnul
Zin
The Shining One
Beogh
Jiyva
Lugonu


Innate Abilities, Weirdness & Mutations

You reflexively headbutt those who attack you in melee.
You have a pair of horns on your head.


Message History

The sticky flame hits your smoke demon.
Your smoke demon resists.
Your smoke demon closely misses the deep elf mage.
Your smoke demon hits the deep elf mage.
Your smoke demon completely misses the deep elf mage.
The efreet gestures at you.
The fireball explodes!
The fireball engulfs you!
* * * LOW HITPOINT WARNING * * *
Your hellwing blocks something's attack.
Things that are here:
a hand axe; a ring mail You take 17 damage, and have 2/94 hp.
There is an open door, spattered with blood here.
You see here an orc corpse.
There is a large open door here.
You see here a bolt.
You are no longer corroded.
The ice dragon breathes frost at you. The blast of cold hits you!
You feel a terrible chill!
You die...

#'##############++######
'.'..##................#
#.#?.##......#..#......#
#'#####................+
......'................+
#'#####.)....#..#......#
.÷#(.##.......)........#
..#))#####)#####('######
###))##.......##@'#####
÷.#.)##.......##......# .....
..#(.##.......##.4....# ....
'##)###...<...###.(..## ####...#
.....##.......# ##(D## ###..'...'
.....##.......###.(..###....##'##
#######.......##.....R#....##...#
..#.. ##########(.....§T...'.....
..#†############.†....#.§§.##.†.#


You could see an ice dragon, a rust devil and an efreet.

Vanquished Creatures
  Erolcha (D)
  A flayed ghost (D)
  An orc knight (D)
  A wolf spider (D)
  Psyche (D)
  2 red devils (D)
  A two-headed ogre (D)
  A bog body (D)
  A shadow (D)
  A wyvern (D)
  Eustachio (D)
  A warg (D)
  A water moccasin (D)
  An orc warrior (D)
  A swamp drake (D)
  A big kobold (D)
  2 killer bees (D)
  An orc priest (D)
  A worker ant (D)
  2 orc wizards (D)
  4 sheep (D)
  A river rat (D)
  A giant eyeball (D)
  2 ufetubi (D)
  2 giant geckos (D)
  6 orcs (D)
  2 ball pythons (D)
  2 bat skeletons (D)
  A giant cockroach (D)
  A hobgoblin (D)
  A kobold (D)
  A quokka (D)
  A ball python skeleton (D)
  A bat (D)
49 creatures vanquished.

Vanquished Creatures (collateral kills)
  A black mamba (D)
  An ice devil (D)
  Prince Ribbit (D)
  A wasp (D)
  2 killer bees (D)
  An orc (D)
7 creatures vanquished.

Vanquished Creatures (others)
  An orc (D)
1 creature vanquished.

Grand Total: 57 creatures vanquished

Notes
Turn   | Place    | Note
--------------------------------------------------------------
     0 | D        | pipel the Minotaur Gladiator began the quest for the Orb.
     0 | D        | Reached XP level 1. HP: 18/18 MP: 0/0
    16 | D        | Noticed a red devil
    20 | D        | Paralysed by a giant eyeball for 3 turns
    36 | D        | Killed a red devil
    36 | D        | Reached skill level 5 in Fighting
    36 | D        | Reached skill level 9 in Long Blades
    36 | D        | Reached XP level 2. HP: 29/29 MP: 1/1
    36 | D        | Reached XP level 3. HP: 36/36 MP: 2/2
    36 | D        | Reached XP level 4. HP: 42/42 MP: 3/3
    36 | D        | Reached XP level 5. HP: 48/48 MP: 4/4
    46 | D        | Paralysed by a giant eyeball for 3 turns
    53 | D        | Paralysed by a giant eyeball for 2 turns
    75 | D        | Found a sacrificial altar of Ru.
    75 | D        | Found a basalt altar of Yredelemnul.
    75 | D        | Found a glowing golden altar of the Shining One.
    75 | D        | Found a deep blue altar of Sif Muna.
    75 | D        | Found a burning altar of Makhleb.
    75 | D        | Found an ancient bone altar of Kikubaaqudgha.
    75 | D        | Found a glowing silver altar of Zin.
    76 | D        | Found a shadowy altar of Dithmenos.
    76 | D        | Found a bloodstained altar of Trog.
    76 | D        | Found a shattered altar of Ashenzari.
    76 | D        | Found a white marble altar of Elyvilon.
    76 | D        | Found a snail-covered altar of Cheibriados.
    76 | D        | Found a blossoming altar of Fedhas.
    76 | D        | Found a radiant altar of Vehumet.
    76 | D        | Found a shimmering altar of Xom.
    76 | D        | Found a sparkling altar of Nemelex Xobeh.
    76 | D        | Found a corrupted altar of Lugonu.
    76 | D        | Found a viscous altar of Jiyva.
    76 | D        | Found a roughly hewn altar of Beogh.
    76 | D        | Found an iron altar of Okawaru.
    77 | D        | Found an oddly glowing altar of Pakellas.
    79 | D        | Became a worshipper of Makhleb the Destroyer
   100 | D        | Reached * piety under Makhleb
   111 | D        | Reached ** piety under Makhleb
   113 | D        | Reached XP level 6. HP: 26/56 MP: 5/5
   179 | D        | Reached *** piety under Makhleb
   200 | D        | Reached skill level 10 in Long Blades
   203 | D        | Reached **** piety under Makhleb
   222 | D        | Reached ***** piety under Makhleb
   222 | D        | Reached skill level 1 in Armour
   224 | D        | Reached skill level 10 in Dodging
   239 | D        | Noticed Psyche
   248 | D        | Killed Psyche
   248 | D        | Reached skill level 11 in Long Blades
   248 | D        | Reached XP level 7. HP: 56/66 MP: 6/6
   252 | D        | Noticed Prince Ribbit
   261 | D        | Killed Prince Ribbit
   261 | D        | Reached skill level 12 in Long Blades
   265 | D        | Reached ****** piety under Makhleb
   273 | D        | Noticed a wyvern
   281 | D        | Killed a wyvern
   281 | D        | Reached skill level 5 in Armour
   281 | D        | Reached XP level 8. HP: 46/74 MP: 7/9
   284 | D        | Reached skill level 13 in Long Blades
   316 | D        | Got the +2 halberd of Qaonwoepn {chop, rN+ Str+8}
   318 | D        | Got the +2 scimitar "Hioprus" {vamp, rC- Str+3 Int+5}
   390 | D        | Noticed a two-headed ogre
   397 | D        | Killed a two-headed ogre
   404 | D        | Noticed a black mamba
   404 | D        | Noticed an ice devil
   417 | D        | Killed a black mamba
   417 | D        | Reached skill level 5 in Invocations
   424 | D        | Killed an ice devil
   430 | D        | Noticed a flayed ghost
   430 | D        | Noticed an orc knight
   434 | D        | Noticed a bog body
   489 | D        | Killed a flayed ghost
   489 | D        | Reached skill level 14 in Long Blades
   489 | D        | Reached XP level 9. HP: 49/84 MP: 12/12
   500 | D        | Killed an orc knight
   548 | D        | Reached skill level 10 in Fighting
   574 | D        | Noticed Eustachio
   576 | D        | Noticed Erolcha
   576 | D        | Noticed a red devil
   588 | D        | Killed Erolcha
   588 | D        | Reached skill level 15 in Long Blades
   588 | D        | Reached skill level 10 in Armour
   592 | D        | Killed Eustachio
   596 | D        | Killed a red devil
   596 | D        | Reached XP level 10. HP: 86/94 MP: 13/15
   608 | D        | Noticed a wolf spider
   608 | D        | Noticed a rust devil
   611 | D        | Noticed an ice dragon
   612 | D        | Noticed a deep elf mage
   615 | D        | Killed a wolf spider
   617 | D        | Noticed a vampire mage
   625 | D        | HP: 2/94 [efreet/fireball (17)]
   633 | D        | Killed from afar by an ice dragon

Vault maps used:
D:        pitsprint

Skill      XL: |  1  2  3  4  5  6  7  8  9 |
---------------+----------------------------+-----
Fighting       | 5 7 8 9 10 | 10.9
Long Blades    | 9 11 12 14 15 | 15.4
Throwing       | 4 |  4.5
Dodging        | 8 9 11 12 13 | 13.1
Armour         | 3 5 7 10 | 10.9
Invocations    | 3 6 9 |  9.8

Action                   |  1- 3 |  4- 6 |  7- 9 | 10-12 || total
-------------------------+-------+-------+-------+-------++-------
Melee: Long sword        |     2 |    52 |    29 |       ||    83
       Scimitar          |       |       |    53 |     9 ||    62
Throw: Throwing net      |       |     1 |     4 |       ||     5
Invok: Lesser Servant of |       |     1 |     9 |     3 ||    13
       Minor Destruction |       |       |     1 |       ||     1
  Use: Potion            |     1 |       |     3 |       ||     4
 Stab: Distracted        |       |       |     1 |       ||     1
       Held in net/web   |       |       |     2 |       ||     2
  Eat: Bread ration      |       |       |     1 |       ||     1
